 Dungeon Crawl Stone Soup version bcrawl-1.21.3 (webtiles) character file.

Game seed: 9996392389255116840

933 funkygono the Destroyer (level 8, -2/46 HPs)
             Began as a Fairy Conjurer on Apr 6, 2020.
             Was an Initiate of Vehumet.
             Shot with an arrow by a centaur (10 damage)
             ... on level 5 of the Dungeon.
             The game lasted 00:09:55 (4484 turns).

funkygono the Destroyer (Fairy Conjurer)            Turns: 4484, Time: 00:09:55

Health: -2/46      AC:  5    Str:  6    XL:     8   Next: 11%
Magic:  17/21      EV: 17    Int: 21    God:    Vehumet [......]
Gold:   378        SH:  5    Dex: 13    Spells: 16/22 levels left

rFire    . . .     SeeInvis .   t - +2 dagger (drain)
rCold    + . .     Gourm    .   (shield restricted)
rNeg     . . .     Faith    .   (armour unavailable)
rPois    +         Spirit   .   (no helmet)
rElec    .         Reflect  .   (no cloak)
rCorr    .         Harm     .   (no gloves)
MR       .....                  (no boots)
Stlth    +.........             (no amulet)
HPRegen  0.15/turn              l - ring of protection from cold
MPRegen  0.17/turn              j - ring of poison resistance

@: flying evasively, very slightly contaminated, invisible
A: small, magic attunement, unstealthy, unfitting armour, able to fly, AC/SH +5
a: Stop Flying, Renounce Religion


You were on level 5 of the Dungeon.
You worshipped Vehumet.
Vehumet was noncommittal.
You were hungry.

You visited 2 branches of the dungeon, and saw 6 of its levels.

You collected 378 gold pieces.

Inventory:

Hand Weapons
 a - a +1 short sword
 t - a +2 dagger of draining (weapon)
Missiles
 o - a throwing net (quivered) {!f}
 q - 527 stones
Jewellery
 j - a ring of poison resistance (right hand)
 l - a ring of protection from cold (left hand)
Wands
 p - a wand of acid (6)
Scrolls
 f - a scroll of amnesia
 g - 2 scrolls of enchant armour
 h - a scroll of blinking
 m - a scroll of fear
 n - a scroll of immolation
 s - a scroll of teleportation {unknown}
 u - a scroll of identify
Potions
 b - a potion of magic
 c - a potion of heal wounds {unknown}
 i - a potion of mutation {unknown}
 k - 3 potions of curing {unknown}
 r - a potion of haste {unknown}
Comestibles
 e - 10 rations {!d}


   Skills:
 + Level 3.7 Dodging
 + Level 2.2 Stealth
 + Level 7.5 Spellcasting
 + Level 8.8 Conjurations


You had 16 spell levels left.
You knew the following spells:

 Your Spells              Type           Power        Failure   Level  Hunger
a - Magic Dart            Conj           ####         1%          1    None
b - Searing Ray           Conj           #####...     1%          2    None
c - Iskenderun's Mystic   Conj           #####...     1%          3    None

Your spell library contained the following spells:

 Spells                   Type           Power        Failure   Level  Hunger
 Fulminant Prism          Conj/Hex       ####......   13%         4    None
 Irradiate                Conj/Tmut      ####......   36%         5    None


Dungeon Overview and Level Annotations

Branches:
Dungeon (5/12)             Temple (1/1) D:5

Altars:
Ashenzari
Cheibriados
Dithmenos
Elyvilon
Fedhas
Gozag
Hepliaklqana
Kikubaaqudgha
Lugonu
Makhleb
Nemelex Xobeh
Okawaru
Qazlal
Trog
Vehumet
Wu Jian
Xom
Yredelemnul
Zin
The Shining One

Shops:
D:4 }


Innate Abilities, Weirdness & Mutations

Your spells do not cause hunger and MP costs are reduced by 1.
Your bright wings attract enemies. (Stealth-)
You cannot fit into any form of body armour.
Your shimmering scales are hard and can block incoming attacks. (AC +5, SH +5)
You are small and have problems with some larger weapons.
You can fly continuously.


Message History

The centaur is heavily wounded.
The centaur shoots an arrow.
The arrow misses you.
Casting: Magic Dart (safe; 1% risk of failure)
Confirm with . or Enter, or press ? or * to list all spells.
Aiming: Magic Dart (safe; 1% risk of failure)
Press: ? - help, Shift-Dir - straight line, f/p - centaur
Aim: a centaur, wielding a +0 shortbow and quivering 113 arrows (heavily wounded)
The magic dart hits the centaur.
The centaur is heavily wounded.
The centaur shoots an arrow.
The arrow hits you.
* * * LOW HITPOINT WARNING * * *
Casting: Magic Dart (safe; 1% risk of failure)
Confirm with . or Enter, or press ? or * to list all spells.
Aiming: Magic Dart (safe; 1% risk of failure)
Press: ? - help, Shift-Dir - straight line, f/p - centaur
Aim: a centaur, wielding a +0 shortbow and quivering 112 arrows (heavily wounded)
The magic dart hits the centaur.
The centaur is severely wounded.
The centaur shoots an arrow.
The arrow hits you!
You die...

#J....................
#.#.#.#.####.........)
# #.#.#.# #..........
# #...# ###........
#.?.# #........ #...#
#........ #c#.# #+####
#.#.# #.# #@#.. #.#
#.#..# #.# #.#..# #.#
#.#... #.# #+#.#.# #.#
....######'####
..............
#...#........
##.8.##..[....


You could see a centaur.

Vanquished Creatures
  A hornet zombie (D:5)
  2 ogres
  A howler monkey (D:4)
  2 crimson imps (D:4)
  A centaur skeleton (D:3)
  3 orc priests
  A bullfrog skeleton (D:2)
  8 orc wizards
  Terence (D:3)
  5 adders
  3 gnolls (D:4)
  An ooze (D:2)
  2 worms
  A dart slug (D:1)
  3 leopard geckos
  22 orcs
  8 hobgoblins
  7 jackals
  6 quokkas
  6 bats
  A frilled lizard (D:2)
  6 goblins
  A jackal skeleton (D:4)
  2 kobolds
  A quokka skeleton (D:4)
  5 rats
100 creatures vanquished.

Vanquished Creatures (others)
  A jelly (D:5)
  5 toadstools (D:1)
6 creatures vanquished.

Grand Total: 106 creatures vanquished

Notes
Turn   | Place    | Note
-------+----------+-------------------------------------------
     0 | D:1      | funkygono the Fairy Conjurer began the quest for the Orb.
     0 | D:1      | Reached XP level 1. HP: 11/11 MP: 6/6
    89 | D:1      | Reached skill level 5 in Conjurations
   325 | D:1      | Reached XP level 2. HP: 17/17 MP: 7/7
   329 | D:1      | Learned a level 2 spell: Searing Ray
  1066 | D:2      | Found a stormy altar of Qazlal.
  1066 | D:2      | Noticed a fire elemental
  1067 | D:2      | Noticed an earth elemental
  1067 | D:2      | Noticed a water elemental
  1067 | D:2      | Noticed an air elemental
  1086 | D:2      | Reached XP level 3. HP: 21/21 MP: 9/9
  1091 | D:2      | Learned a level 3 spell: Iskenderun's Mystic Blast
  1283 | D:2      | Reached skill level 6 in Conjurations
  1435 | D:2      | Reached XP level 4. HP: 27/27 MP: 10/10
  1831 | D:2      | Found a shattered altar of Ashenzari.
  2109 | D:3      | Reached XP level 5. HP: 31/31 MP: 9/12
  2245 | D:3      | Found a white marble altar of Elyvilon.
  2395 | D:3      | Reached skill level 7 in Conjurations
  2500 | D:3      | Noticed Terence
  2507 | D:3      | Killed Terence
  2507 | D:3      | Reached XP level 6. HP: 35/36 MP: 11/15
  2790 | D:3      | Found an iron altar of Okawaru.
  2895 | D:4      | Found a shimmering altar of Xom.
  2895 | D:4      | Found a hazy altar of Hepliaklqana.
  2944 | D:4      | Found a shadowy altar of Dithmenos.
  2944 | D:4      | Found an ornate altar of the Wu Jian Council.
  2960 | D:4      | Reached skill level 5 in Spellcasting
  3045 | D:4      | Found a basalt altar of Yredelemnul.
  3196 | D:4      | Reached XP level 7. HP: 18/41 MP: 4/18
  3579 | D:4      | Reached skill level 8 in Conjurations
  3703 | D:4      | Found Yjutey's Gadget Shop.
  3801 | D:5      | Entered Level 5 of the Dungeon
  3850 | D:5      | Found a staircase to the Ecumenical Temple.
  3859 | Temple   | Entered the Ecumenical Temple
  3891 | Temple   | Became a worshipper of Vehumet
  4114 | D:5      | Reached XP level 8. HP: 29/46 MP: 16/21
  4307 | D:5      | Found a burning altar of Makhleb.
  4384 | D:5      | Found an opulent altar of Gozag.
  4484 | D:5      | Shot with an arrow by a centaur

Skill      XL: |  1  2  3  4  5  6  7 |
---------------+----------------------+-----
Conjurations   | 5 6 7 8 |  8.8
Spellcasting   | 3 4 6 7 |  7.5
Dodging        | 3 |  3.7
Stealth        | 2 |  2.2

Action                   |  1- 3 |  4- 6 |  7- 9 || total
-------------------------+-------+-------+-------++-------
 Cast: Magic Dart        |    33 |    67 |    37 ||   137
       Searing Ray       |     8 |    17 |    10 ||    35
       Iskenderun's Myst |       |     3 |     1 ||     4
  Use: Scroll            |     4 |     4 |       ||     8
       Potion            |       |       |     1 ||     1
  Eat: Chunk             |     1 |     6 |     3 ||    10
Armor: Skin              |       |     6 |     4 ||    10
Dodge: Dodged            |     8 |    17 |    15 ||    40
Block: Other             |       |     7 |     2 ||     9
